 Dungeon Crawl Stone Soup version 0.25.0-26-g0c896c7088 (webtiles) character file.

Game seed: 9393355458361980100

3487 Delamore the Severer (level 10, -5/77 HPs)
             Began as a Hill Orc Monk on July 1, 2020.
             Was an Elder of Qazlal.
             Killed from afar by an electric eel (8 damage)
             ... with a bolt of electricity
             ... on level 9 of the Dungeon.
             The game lasted 00:06:38 (7123 turns).

Delamore the Severer (Hill Orc Monk)                Turns: 7123, Time: 00:06:39

Health: -5/77      AC:  9    Str: 18    XL:     10   Next: 7%
Magic:  10/10      EV: 10    Int: 10    God:    Qazlal [****..]
Gold:   477        SH:  5    Dex: 13    Spells: 9/9 levels left

rFire    + . .     SeeInvis .   w - +2 spear (freeze)
rCold    . . .     Gourm    .   (no shield)
rNeg     . . .     Faith    .   i - +1 scale mail {rF+}
rPois    .         Spirit   .   (no helmet)
rElec    .         Reflect  .   (no cloak)
rCorr    .         Harm     .   (no gloves)
MR       .....                  k - +1 pair of boots
Stlth    ..........             (no amulet)
HPRegen  0.22/turn              (no ring)
MPRegen  0.12/turn              (no ring)

@: repel missiles
A: no striking features
a: Upheaval, Elemental Force, Renounce Religion


You were on level 9 of the Dungeon.
You worshipped Qazlal.
Qazlal was greatly pleased with you.
You were near starving.

You visited 1 branch of the dungeon, and saw 9 of its levels.

You collected 477 gold pieces.

Inventory:

Hand Weapons
 a - a +0 hand axe
 w - a +2 spear of freezing (weapon)
 E - a +0 broad axe
Missiles
 f - 4 javelins (quivered)
Armour
 b - a +0 robe
 g - a +0 scale mail
 i - a +1 scale mail of fire resistance (worn)
 k - a +1 pair of boots (worn)
 z - a +1 leather armour of poison resistance
Jewellery
 D - an uncursed ring of fire
Wands
 x - a wand of disintegration (13)
 y - a wand of acid (20)
 J - a wand of iceblast (5)
Scrolls
 d - a scroll of immolation {unknown}
 e - 3 scrolls of enchant armour
 h - 2 scrolls of amnesia
 j - 2 scrolls of fog {unknown}
 n - 2 scrolls of remove curse {unknown}
 o - 2 scrolls of blinking {unknown}
 r - a scroll of noise {unknown}
 u - a scroll of random uselessness {unknown}
 C - 2 scrolls of identify
 F - 5 scrolls of teleportation {unknown}
 G - a scroll of magic mapping {unknown}
 H - a scroll of fear {unknown}
Potions
 l - 3 potions of brilliance
 m - 2 potions of ambrosia {unknown}
 p - 3 potions of flight {unknown}
 q - 4 potions of curing {unknown}
 s - a potion of mutation {unknown}
 t - 2 potions of lignification {unknown}
 v - a potion of might
 A - 3 potions of stabbing {unknown}
 B - 3 potions of degeneration {unknown}
 I - a potion of haste {unknown}
Comestibles
 c - 15 rations


   Skills:
 - Level 3.6 Fighting
 + Level 17.2 Axes
 - Level 2.4 Dodging
 - Level 1.5 Stealth


You had 9 spell levels left.
You didn't know any spells.
Your spell library contained the following spells:

 Spells                   Type           Power        Failure   Level  Hunger
 Animate Skeleton         Necr           N/A          78%         1    ##.....
 Apportation              Tloc           #.....       78%         1    ##.....
 Corona                   Hex            #......      78%         1    ##.....
 Summon Small Mammal      Summ           #...         78%         1    ##.....


Dungeon Overview and Level Annotations

Branches:
Dungeon (9/15)             Temple (0/1) D:5
   Lair: D:8-11         Orc: D:9-12

Altars:
Ashenzari
Dithmenos
Elyvilon
Fedhas
Gozag
Hepliaklqana
Makhleb
Nemelex Xobeh
Qazlal
Ru
Sif Muna
Trog
Uskayaw
Vehumet
Wu Jian
Xom
Zin
The Shining One

Shops:
D:5 %

Annotations:
D:3 3 runed translucent doors, Shaidar's ghost, amateur MiBe


Message History

The electric eel shoots out a bolt of lightning at you!
The bolt of electricity hits you!
You puncture the electric eel! You freeze the electric eel.
The electric eel is severely wounded.
You hit the electric eel. You freeze the electric eel.
You kill the electric eel!
Qazlal accepts your kill.
The electric eel shoots out a bolt of lightning at you!
The bolt of electricity hits you! x2
The bolt of electricity hits the electric eel.
The electric eel completely resists.
The electric eel shoots out a bolt of lightning at you!
The bolt of electricity hits you!
* * * LOW HITPOINT WARNING * * *
The electric eel shoots out a bolt of lightning at you!
The bolt of electricity hits you!
* * * LOW HITPOINT WARNING * * *
The electric eel shoots out a bolt of lightning at you!
The bolt of electricity hits you!
You die...

#o#<≈≈≈≈≈#
#.≈≈≈≈≈≈≈# .
#o≈≈≈;≈≈≈#
..#.≈≈≈≈≈≈≈#
....≈≈≈≈≈≈≈####
....≈≈≈°☼§≈....
....≈§≈≈;≈≈#
.....o°@≈○≈#
#.#.##§†≈≈≈#
##≈≈°.# ##≈#.#
##.# #


You could see 2 electric eels and 3 orcs.

Vanquished Creatures
  Erica (D:8)
  Psyche (D:8)
  A shadow (D:8)
  3 yaks
  A water moccasin (D:7)
  A sky beast (D:7)
  A phantom (D:7)
  2 ice beasts
  An eye of draining (D:8)
  A black bear (D:7)
  An ogre (D:5)
  A centaur (D:5)
  3 bullfrogs
  A wyvern skeleton (D:7)
  A howler monkey (D:6)
  2 electric eels (D:9)
  2 crimson imps
  4 hounds
  A jelly (D:8)
  2 bullfrog skeletons
  An orc priest (D:3)
  4 orc wizards (D:4)
  A centaur skeleton (D:4)
  An iguana (D:8)
  5 worker ants
  A worker ant zombie (D:5)
  7 gnolls
  4 adders
  An adder zombie (D:5)
  2 adder skeletons (D:4)
  2 leopard geckos (D:4)
  21 orcs
  5 giant cockroaches
  2 goblins (D:1)
  9 hobgoblins
  2 jackals (D:7)
  A quokka (D:8)
  A ball python skeleton (D:4)
  8 bats
  4 frilled lizards
  A giant cockroach zombie (D:4)
  5 kobolds
  A quokka skeleton (D:4)
  A quokka zombie (D:5)
  4 rats (D:1)
125 creatures vanquished.

Notes
Turn   | Place    | Note
-------+----------+-------------------------------------------
     0 | D:1      | Delamore the Hill Orc Monk began the quest for the Orb.
     0 | D:1      | Reached XP level 1. HP: 19/19 MP: 1/1
   240 | D:1      | Reached XP level 2. HP: 26/26 MP: 2/2
   378 | D:1      | Reached skill level 5 in Axes
   491 | D:1      | Found a sparkling altar of Nemelex Xobeh.
   755 | D:2      | Found a burning altar of Makhleb.
   767 | D:2      | Found a stormy altar of Qazlal.
   781 | D:2      | Reached XP level 3. HP: 27/31 MP: 3/3
   783 | D:2      | Found a shadowy altar of Dithmenos.
   793 | D:2      | Found a shimmering altar of Xom.
   811 | D:2      | Became a worshipper of Qazlal Stormbringer
   811 | D:2      | Reached * piety under Qazlal
   811 | D:2      | Reached ** piety under Qazlal
  1328 | D:3      | Found a hide-covered altar of Uskayaw.
  1407 | D:3      | Reached skill level 6 in Axes
  1417 | D:3      | Reached XP level 4. HP: 31/39 MP: 4/4
  1466 | D:3      | Found an ornate altar of the Wu Jian Council.
  1592 | D:3      | Found a runed translucent gate.
  1592 | D:3      | Found a runed translucent gate.
  1593 | D:3      | Found a runed translucent gate.
  1594 | D:3      | Found an opulent altar of Gozag.
  1595 | D:3      | Noticed Shaidar's ghost (amateur MiBe)
  1724 | D:3      | Reached skill level 7 in Axes
  2159 | D:3      | Reached XP level 5. HP: 45/45 MP: 5/5
  2171 | D:3      | Found a glowing silver altar of Zin.
  2173 | D:3      | Found an ornate altar of the Wu Jian Council.
  2173 | D:3      | Found a hazy altar of Hepliaklqana.
  2176 | D:3      | Found a shimmering altar of Xom.
  2176 | D:3      | Found a sparkling altar of Nemelex Xobeh.
  2176 | D:3      | Found a radiant altar of Vehumet.
  2367 | D:4      | Found a sacrificial altar of Ru.
  2439 | D:4      | Reached skill level 8 in Axes
  2485 | D:4      | Reached XP level 6. HP: 35/51 MP: 6/6
  2668 | D:4      | Reached skill level 9 in Axes
  2708 | D:4      | Reached *** piety under Qazlal
  3113 | D:4      | Found a sparkling altar of Nemelex Xobeh.
  3233 | D:4      | Reached skill level 10 in Axes
  3233 | D:4      | Reached XP level 7. HP: 54/57 MP: 7/7
  3448 | D:5      | Entered Level 5 of the Dungeon
  3510 | D:5      | Found a glowing golden altar of the Shining One.
  3764 | D:5      | Reached skill level 11 in Axes
  3998 | D:5      | Found a glowing silver altar of Zin.
  4000 | D:5      | Found a white marble altar of Elyvilon.
  4001 | D:5      | Found a glowing golden altar of the Shining One.
  4098 | D:5      | Found Miculetz's Food Shoppe.
  4134 | D:5      | Found a radiant altar of Vehumet.
  4286 | D:5      | Found a staircase to the Ecumenical Temple.
  4354 | D:5      | Found a blossoming altar of Fedhas.
  4911 | D:6      | Reached XP level 8. HP: 64/64 MP: 8/8
  5059 | D:6      | Found a bloodstained altar of Trog.
  5249 | D:6      | Found a shimmering blue altar of Sif Muna.
  5473 | D:7      | Reached skill level 12 in Axes
  5601 | D:7      | Reached skill level 13 in Axes
  5811 | D:7      | Found a shattered altar of Ashenzari.
  6120 | D:8      | Reached **** piety under Qazlal
  6232 | D:8      | Reached skill level 14 in Axes
  6237 | D:8      | Reached XP level 9. HP: 63/70 MP: 9/9
  6246 | D:8      | Noticed Psyche
  6263 | D:8      | Killed Psyche
  6302 | D:8      | Reached skill level 15 in Axes
  6305 | D:8      | Noticed Erica
  6339 | D:8      | Killed Erica
  6339 | D:8      | Reached skill level 16 in Axes
  6668 | D:8      | Reached XP level 10. HP: 60/77 MP: 10/10
  6712 | D:8      | Reached skill level 17 in Axes
  7123 | D:9      | HP: 3/77 [electric eel/bolt of electricity (17)]
  7123 | D:9      | Killed from afar by an electric eel

Illustrated notes

Levels and vault maps discovered:
D:1:      co_arrival_random_square_maze, layout_rooms, nemelex_altar_shiori
D:2:      layout_rooms, nicolae_overflow_quartered_altars
D:3:      layout_basic, eat_drink_and_be_merry_uskayaw, lemuel_round_altar,
          ebering_ghost_gozag, doesnt_xom_only_xom
D:4:      layout_basic, kennysheep_little_box, kennysheep_mini, first_ration
D:5:      layout_cave_pools, good_gods_temple_1, fedhas_altar_4,
          marbit_many_paths, minmay_temple_entry_hall, serial_shops, shop,
          tso_metal_star
D:6:      layout_loops_ring, lightli_temple_of_fire, lemuel_blue_sif_altar
D:7:      layout_rooms, lemuel_doored_altar
D:8:      layout_rooms, uniq_erica, uniq_psyche
D:9:      layout_basic

Skill      XL: |  1  2  3  4  5  6  7  8  9 10 |
---------------+-------------------------------+-----
Axes           | 5 6 7 8 10 11 14 16 17 | 17.2
Fighting       | |  3.6
Dodging        | |  2.4
Stealth        | |  1.5

Action                   |  1- 3 |  4- 6 |  7- 9 | 10-12 || total
-------------------------+-------+-------+-------+-------++-------
Melee: Hand axe          |    75 |       |       |       ||    75
       Spear             |    16 |   155 |   280 |    25 ||   476
Throw: Javelin           |       |     2 |     4 |       ||     6
  Use: Scroll            |       |       |     4 |       ||     4
       Potion            |       |       |     3 |       ||     3
 Stab: Sleeping          |     1 |       |       |       ||     1
  Eat: Chunk             |     2 |     5 |     8 |       ||    15
       Ration            |       |       |     1 |       ||     1
Armor: Robe              |    12 |       |       |       ||    12
       Scale mail        |    30 |    34 |       |       ||    64
       Leather armour    |       |     3 |    50 |     2 ||    55
Dodge: Dodged            |    53 |    67 |    99 |     3 ||   222
       Repelled          |       |       |       |     1 ||     1
Block: Other             |     1 |    19 |    35 |     2 ||    57
